 Dungeon Crawl Stone Soup version 0.30.0-15-g856e2d3f33 (webtiles) character file.

Game seed: 17580373332854731887

326866 Lobster4 the Crack Shot (level 20, -1/182 HPs)
             Began as a Minotaur Hunter on May 17, 2023.
             Was the Champion of Hepliaklqana.
             Slain by a vault warden
             ... wielding a +0 long sword of electrocution
              (41 damage)
             ... on level 2 of the Vaults on May 19, 2023.
             The game lasted 02:39:32 (45901 turns).

Lobster4 the Crack Shot (Minotaur Hunter)          Turns: 45901, Time: 02:39:33

Health: -1/182     AC: 19    Str: 17    XL:     20   Next: 77%
Magic:  0/37       EV: 19    Int: 18    God:    Hepliaklqana [******]
Gold:   1853       SH:  0    Dex: 18    Spells: 23/31 levels left

rFire   + . .        r - +7 longbow (flame)
rCold   + . .        (shield currently unavailable)
rNeg    + + +        L - +0 scale mail of Xyptap {rPois Will+ MP+9 Int+4}
rPois   +            h - +3 crown of Dyrovepreva {rElec Int+2 SInv}
rElec   +            g - +2 cloak
rCorr   .            b - +2 pair of gloves {infuse}
SInv    +            K - +2 pair of slick slippers {slick, slippery, EV+4}
Will    ++...        q - amulet of guardian spirit
Stlth   +            z - ring "Sisuv" {*Corrode rC++ rN+ Int+6}
HPRegen 0.50/turn    F - ring "Plog" {Fire rElec rN++ Dex-4 Slay+4}
MPRegen 0.25/turn

%: corrode self (3%), guardian spirit
@: about to teleport, corroded, studying Staves
A: reduced essence, horns 2, retaliatory headbutt
}: 2/15 runes: serpentine, barnacled
a: Renounce Religion, Recall Ancestor, Ancestor Identity, Transference, Idealise


You were on level 2 of the Vaults.
You worshipped Hepliaklqana.
Hepliaklqana was exalted by your worship.
You visited 8 branches of the dungeon, and saw 36 of its levels.
You also visited: Sewer, Ossuary, Gauntlet and Volcano.

You collected 4501 gold pieces.
You spent 2648 gold pieces at shops.

Inventory:

Hand Weapons
 a - a +3 shortbow of freezing
 r - a +7 longbow of flaming (weapon)
 X - a +1 hand crossbow of flaming
 Z - a +1 great sword of flaming
Missiles
 N - 8 curare-tipped darts
Armour
 b - a +2 pair of gloves of infusion (worn)
 g - a +2 cloak (worn)
 h - the +3 crown of Dyrovepreva (worn) {rElec Int+2 SInv}
   (You bought it in a shop on level 1 of the Elven Halls)

   Int:       It affects your intelligence (+2).
   rElec:     It insulates you from electricity.
   SInv:      It lets you see invisible.
 K - the +2 pair of slick slippers (worn) {slick, slippery, EV+4}
   (You acquired it on level 2 of the Elven Halls)

   Slick:     Its wearer cannot be constricted, engulfed, netted or webbed.
   Slippery:  Its wearer slips away from damaging melee attacks, pulling the
   attacker onward.
   EV:        It affects your evasion (+4).
 L - the +0 scale mail of Xyptap (worn) {rPois Will+ MP+9 Int+4}
   (You found it on level 1 of the Lair of Beasts)

   Int:       It affects your intelligence (+4).
   rPois:     It protects you from poison.
   MP:        It affects your magic capacity (+9).
   Will:      It increases your willpower.
 P - the +1 pair of gloves of Brilliance {+Blink Will- Slay+2}
   (You took it off Nikola on level 2 of the Elven Halls)

   Slay:      It affects your accuracy & damage with ranged weapons and melee
   (+2).
   +Blink:    It lets you blink.
   Will:      It decreases your willpower.
Jewellery
 f - the ring "Bipruxzososch" {Fly Will+ Stlth+}
   (You bought it in a shop on level 11 of the Dungeon)

   [ring of willpower]

   Fly:       It grants you flight.
   Will:      It increases your willpower.
   Stlth:     It makes you more stealthy.
 q - an amulet of guardian spirit (around neck)
 x - the ring "Hienuygu" {rCorr Str+4}
   (You found it on level 3 of the Elven Halls)

   [ring of resist corrosion]

   Str:       It affects your strength (+4).
   rCorr:     It protects you from acid and corrosion.
 z - the ring "Sisuv" (left hand) {*Corrode rC++ rN+ Int+6}
   (You took it off a deep elf master archer on level 3 of the Elven Halls)

   [ring of intelligence]

   Int:       It affects your intelligence (+6).
   rC:        It greatly protects you from cold.
   rN:        It protects you from negative energy.
   *Corrode:  It may corrode you when you take damage.
 F - the ring "Plog" (right hand) {Fire rElec rN++ Dex-4 Slay+4}
   (You took it off a deep elf death mage on level 3 of the Elven Halls)

   [ring of fire]

   It enhances your fire magic.
   Dex:       It affects your dexterity (-4).
   Slay:      It affects your accuracy & damage with ranged weapons and melee
   (+4).
   rF:        It protects you from fire.
   rC:        It makes you vulnerable to cold.
   rElec:     It insulates you from electricity.
   rN:        It greatly protects you from negative energy.
 G - a ring of willpower
 M - a ring of protection from cold
 W - a ring of protection from fire
Wands
 c - a wand of charming (21)
 t - a wand of roots (19)
 v - a wand of quicksilver (19)
 Q - a wand of digging (18)
 R - a wand of mindburst (25)
Scrolls
 d - 8 scrolls of blinking
 i - 6 scrolls of fog
 m - 21 scrolls of teleportation
 o - 18 scrolls of identify
 w - a scroll of immolation
 A - 3 scrolls of silence
 C - 2 scrolls of brand weapon
 H - 7 scrolls of magic mapping
 O - 3 scrolls of poison
 U - 4 scrolls of enchant armour
 Y - 7 scrolls of enchant weapon
Potions
 e - 5 potions of ambrosia
 j - 7 potions of flight
 k - 20 potions of curing
 l - 2 potions of berserk rage
 n - 3 potions of resistance
 p - 9 potions of lignification
 s - 6 potions of heal wounds
 u - 10 potions of mutation
 B - 11 potions of magic
 D - a potion of haste
 E - 6 potions of might
 I - 2 potions of invisibility
 T - 6 potions of brilliance
 V - 5 potions of cancellation
Miscellaneous
 y - a tin of tremorstones (2/2)
 J - a phial of floods
 S - a phantom mirror


   Skills:
 + Level 23.0 Fighting
 - Level 2.0 Short Blades
 + Level 3.2(3.5) Axes
 - Level 2.0(2.9) Maces & Flails
 * Level 26.3 Ranged Weapons
 - Level 3.0 Throwing
 + Level 16.5 Armour
 - Level 10.0 Dodging
 - Level 1.0 Stealth
 - Level 6.0 Spellcasting
 - Level 3.0 Conjurations
 + Level 11.2 Translocations
 - Level 3.0 Invocations
 - Level 3.0 Evocations


You had 23 spell levels left.
You knew the following spells:

 Your Spells              Type           Power      Damage    Failure   Level
a - Blink                 Tloc           90%        N/A       1%          2
b - Momentum Strike       Conj/Tloc      62%        3d9       2%          2
c - Passage of Golubria   Tloc           45%        N/A       2%          4

Your spell library contained the following spells:

 Spells                   Type           Power      Damage    Failure   Level
 Lesser Beckoning         Tloc           90%        N/A       1%          2
 Volatile Blastmotes      Fire/Tloc      76%        2d16      8%          3
 Foxfire                  Conj/Fire      64%        2x1d7     14%         1
 Shock                    Conj/Air       40%        1d5       14%         1
 Iskenderun's Mystic Bla  Conj/Tloc      31%        2d8       14%         4
 Freeze                   Ice            20%        1d4       26%         1
 Necrotise                Necr           20%        1d5       26%         1
 Sandblast                Erth           10%        2d5       26%         1
 Cigotuvi's Dreadful Rot  Necr/Pois/Air  10%        N/A       36%         2
 Ensorcelled Hibernation  Hex/Ice        10%        N/A       36%         2
 Passwall                 Tmut/Erth      4%         N/A       36%         2
 Poisonous Vapours        Pois/Air       10%        N/A       36%         2
 Scorch                   Fire           16%        2d6       36%         2
 Sublimation of Blood     Necr           5%         N/A       36%         2
 Wereblood                Tmut           5%         N/A       36%         2
 Hailstorm                Conj/Ice       10%        3d5       38%         3
 Stone Arrow              Conj/Erth      20%        3d8       38%         3
 Mephitic Cloud           Conj/Pois/Air  9%         N/A       45%         3
 Frozen Ramparts          Ice            10%        1d2       61%         3
 Ignite Poison            Fire/Tmut/Pois 8%         N/A       61%         3
 Inner Flame              Hex/Fire       8%         N/A       61%         3
 Swiftness                Air            5%         N/A       61%         3
 Flame Wave               Conj/Fire      16%        2d7       80%         4
 Fulminant Prism          Conj/Hex       5%         3d6       80%         4
 Sticky Flame             Conj/Fire      16%        2d4       80%         4
 Airstrike                Air            2%         2d(1-17)  95%         4
 Animate Armour           Summ/Erth      10%        N/A       95%         4
 Cause Fear               Hex            2%         N/A       95%         4
 Ice Form                 Ice/Tmut       5%         N/A       95%         4
 Leda's Liquefaction      Hex/Erth       2%         N/A       95%         4
 Petrify                  Tmut/Erth      5%         N/A       95%         4
 Summon Ice Beast         Ice/Summ       5%         N/A       95%         4
 Summon Lightning Spire   Summ/Air       5%         N/A       95%         4
 Irradiate                Conj/Tmut      5%         3d13      98%         5
 Freezing Cloud           Conj/Ice/Air   4%         6-21      99%         5
 Blade Hands              Tmut           2%         N/A       100%        5
 Lee's Rapid Deconstruct  Erth           2%         3d5*      100%        5
 Silence                  Hex/Air        2%         N/A       100%        5
 Yara's Violent Unravell  Hex/Tmut       2%         3d3       100%        5
 Iron Shot                Conj/Erth      5%         9d2       100%        6
 Plasma Beam              Fire/Air       4%         2x1d15    100%        6
 Simulacrum               Ice/Necr       2%         N/A       100%        6
 Statue Form              Tmut/Erth      3%         N/A       100%        6
 Summon Cactus Giant      Summ           2%         N/A       100%        6
 Dragon Form              Tmut           2%         N/A       100%        7
 Enfeeble                 Hex            2%         N/A       100%        7
 Monstrous Menagerie      Summ           2%         N/A       100%        7
 Spellforged Servitor     Conj/Summ      5%         N/A       100%        7
 Storm Form               Tmut/Air       2%         N/A       100%        7
 Summon Hydra             Summ           2%         N/A       100%        7
 Infestation              Necr           2%         N/A       100%        8
 Lehudib's Crystal Spear  Conj/Erth      5%         10d3      100%        8
 Maxwell's Capacitive Co  Air            2%         ∞         100%        8
 Death's Door             Necr           2%         N/A       100%        9
 Dragon's Call            Summ           2%         N/A       100%        9


Dungeon Overview and Level Annotations

Branches:
Dungeon (15/15)            Temple (1/1) D:6            Lair (5/5) D:8
 Shoals (4/4) Lair:2        Snake (4/4) Lair:3        Slime (0/5) Lair:5
    Orc (2/2) D:9             Elf (3/3) Orc:2        Vaults (2/5) D:13
 Depths (0/4) D:15          Sewer (visited)         Ossuary (visited)
Volcano (visited)         Gauntlet (visited)
  Crypt: Vaults:2-3

Altars:
Ashenzari
Cheibriados
Dithmenos
Elyvilon
Fedhas
Gozag
Hepliaklqana
Kikubaaqudgha
Makhleb
Nemelex Xobeh
Okawaru
Qazlal
Ru
Sif Muna
Trog
Uskayaw
Vehumet
Wu Jian
Xom
Yredelemnul
Zin
The Shining One
Jiyva
Lugonu

Shops:
D:1 :   D:2 :   D:6 ?   D:10 :   D:11 =   Orc:2 ??[[   Elf:1 [([   Elf:2 !
Shoals:2 :   Snake:1 :(   Snake:2 *(   Snake:3 *   Vaults:1 =[

Portals:
Abyss: Lair:5

Annotations:
D:11 2 transporters


Innate Abilities, Weirdness & Mutations

Your life essence is reduced to manifest your ancestor. (-10% HP)
You have a pair of horns on your head.
You reflexively headbutt those who attack you in melee.


Message History

The ironbound convoker gestures at the vault warden while chanting.
The vault warden seems to grow stronger.
You shoot an arrow. The arrow hits the vault warden!
The arrow burns the vault warden.
The vault warden is moderately wounded.
The deep troll completely misses you. The deep troll barely misses you.
The deep troll claws you. The yaktaur captain hits you!!
The vault warden closely misses you. You furiously retaliate!
You headbutt the vault warden. You shoot an arrow.
The arrow hits the vault warden!!
The arrow burns the vault warden!
The vault warden is severely wounded.
The deep troll bites you but does no damage.
The deep troll claws you! The deep troll misses you.
The vault warden hits you with a +0 long sword of electrocution.
The yaktaur captain hits you!
The ironbound convoker begins to recite a word of recall!
You are too injured to fight recklessly!
As you read the scroll of teleportation, it crumbles to dust.
You feel strangely unstable. The yaktaur captain misses you.
The vault warden hits you with a +0 long sword of electrocution!
The deep troll bites you!!
* * * LOW HITPOINT WARNING * * *
The deep troll misses you. The deep troll closely misses you.
You shoot an arrow.
The arrow completely misses the yaktaur captain.
The arrow hits the ironbound convoker!!!
The arrow burns the ironbound convoker.
The ironbound convoker is almost dead.
The yaktaur captain hits you!!
* * * LOW HITPOINT WARNING * * *
The vault warden closely misses you.
The deep troll bites you but does no damage.
The deep troll closely misses you. The deep troll completely misses you.
You shoot an arrow. The arrow hits the yaktaur captain!!
The arrow burns the yaktaur captain.
The yaktaur captain is heavily wounded.
The yaktaur captain hits you but does no damage.
The vault warden hits you with a +0 long sword of electrocution!!!
You die...

.......#
#c.......
.......#
+.......p
.......#
#..).T...
.......#
####+##+#
#'######
#.......# ..#
### #...p[..#
..# ##.##
#...†...# ..#
#...#
#.c.....# ..#
#...#
#@p.....#
..###...##
#.T.....#
..##.#.#.##
#####+########
..'...#...#
#............#
..#...#...#
#............#
..#...#...#
#............#
####.#.#.##
#....(.......#
##...##
#............#
#...#
#............#


You could see a vault warden (strong), a yaktaur captain (strong), a deep troll
(strong) and an ironbound convoker (chanting recall).

Vanquished Creatures
  Vashnia (Snake:4)
  Nikola (Elf:2)
  Rupert (Snake:1)
  A tentacled monstrosity (Snake:2)
  2 deep elf master archers (Elf:3)
  3 deep elf blademasters
  A sphinx (Vaults:1)
  A kraken (Shoals:1)
  A thorn hunter (Snake:2)
  2 nagarajas
  Ilsuiw (Shoals:4)
  4 deep elf sorcerers
  A frost giant (Shoals:4)
  An orc warlord (Orc:1)
  3 deep elf elementalists (Elf:3)
  6 ironbound preservers
  A war gargoyle (Vaults:1)
  2 ironbound thunderhulks (Vaults:1)
  8 deep elf annihilators
  A minotaur (Gauntlet)
  A dire elephant (Vaults:1)
  6 merfolk javelineers
  7 deep elf death magi (Elf:3)
  An ettin (D:15)
  Josephine (Orc:1)
  An entropy weaver (Vaults:1)
  3 great orbs of eyes
  4 merfolk impalers
  4 deep elf high priests (Elf:3)
  8 yaktaur captains
  A catoblepas (Lair:5)
  6 hydras
  An ironbound frostheart (Vaults:1)
  2 rakshasas (D:15)
  2 ogre magi
  3 vault guards (Vaults:2)
  9 anacondas
  13 centaur warriors
  A death knight (D:14)
  6 boulder beetles
  An alligator snapping turtle (Shoals:3)
  A satyr (Shoals:3)
  2 merfolk avatars
  30 dancing weapons
  2 merfolk aquamancers (Shoals:4)
  13 two-headed ogres
  6 death yaks
  7 naga warriors
  2 orc high priests
  5 alligators (Snake:2)
  3 tengu warriors
  A shock serpent (Snake:3)
  3 thrashing horrors (Lair:5)
  12 naga sharpshooters
  19 deep elf knights
  Amaemon (Lair:1)
  4 skysharks
  3 salamander mystics (Snake:4)
  10 sea snakes
  4 skeletal warriors
  14 deep trolls
  Pikel (D:7)
  3 lindwurms (Vaults:1)
  9 deep elf archers
  A glowing orange brain (Vaults:1)
  A swamp dragon (Snake:2)
  5 naga ritualists
  3 orc knights (D:15)
  A phantasmal warrior (Vaults:1)
  21 harpies
  24 deep elf zephyrmancers
  3 wizards
  8 ironbound convokers
  A necromancer (D:15)
  2 orc sorcerers
  4 ugly things
  15 manticores
  22 deep elf pyromancers
  4 oklob plants (Lair:1)
  3 mana vipers
  5 salamanders
  10 fauns
  11 cyclopes
  27 elephants
  10 merfolk sirens
  7 water nymphs
  The ghost of GigaChad the Chopper, a novice AtFi of Jiyva (D:5)
  3 guardian serpents (Snake:4)
  An orange demon (Lair:1)
  44 black mambas
  4 molten gargoyles
  2 vault sentinels
  A gargoyle (D:12)
  12 naga magi
  A cane toad (shapeshifter) (Lair:5)
  A kobold demonologist (D:13)
  An unseen horror (D:11)
  18 cane toads
  5 komodo dragons
  11 yaktaurs
  A rime drake (Lair:4)
  2 ancient zymes (Lair:5)
  2 efreet (D:13)
  14 trolls
  2 tyrant leeches
  A meliai (D:13)
  7 wind drakes
  A polar bear (Lair:4)
  21 merfolk
  A queen bee (Gauntlet)
  A large abomination (Lair:5)
  23 dream sheep
  15 blink frogs
  4 snapping turtles
  16 slime creatures
  2 ynoxinuls (Lair:5)
  4 shadows
  9 wraiths
  7 water elementals
  5 wyverns
  31 yaks
  2 fire bats (Volcano)
  2 vampire mosquitoes (Snake:2)
  10 small abominations
  8 basilisks
  A basilisk (shapeshifter) (Lair:5)
  2 chaos spawn (Lair:5)
  2 steam dragons
  Grum (D:9)
  4 fire elementals
  27 nagas
  4 swamp worms (Gauntlet)
  3 wargs
  6 water moccasins
  2 hell hounds (Orc:1)
  5 swamp drakes (Snake:2)
  2 ice beasts
  Pargi (Sewer)
  17 orc warriors
  A black bear (shapeshifter) (D:14)
  A sky beast (D:7)
  2 black bears
  18 ogres
  9 centaurs
  8 wolves
  3 lemures
  A phantom (D:7)
  A kobold brigand (D:11)
  14 bullfrogs
  2 gnoll sergeants
  4 scorpions
  An earth elemental (Elf:3)
  8 wights
  19 killer bees
  4 electric eels
  4 howler monkeys
  A centaur zombie (Ossuary)
  6 hounds
  5 jellies
  11 orc priests
  An iguana (D:5)
  A sleepcap (D:6)
  Terence (D:2)
  20 orc wizards
  6 mummies
  14 gnolls
  11 adders
  A river rat (D:5)
  A shadow imp (D:7)
  5 white imps
  An ufetubus (D:6)
  A worm (D:4)
  4 dart slugs
  69 orcs
  4 ball pythons
  5 endoplasms
  3 giant cockroaches
  2 gnoll zombies (Ossuary)
  13 goblins
  5 hobgoblins
  11 jackals
  7 kobolds
  3 quokkas
  12 bats
  2 goblin zombies (Ossuary)
  2 kobold zombies (Ossuary)
  An orc zombie (Ossuary)
  4 rats
  A fire vortex (Elf:1)
  A tentacle (Shoals:1)
1174 creatures vanquished.

Vanquished Creatures (collateral kills)
  A tentacled monstrosity (Snake:2)
  Frances (D:14)
  2 nagarajas
  2 deep elf sorcerers
  A vault warden (Vaults:2)
  An orc warlord (Vaults:2)
  3 ironbound preservers
  2 ironbound thunderhulks (Vaults:1)
  2 dire elephants (Vaults:1)
  A deep elf demonologist (Elf:3)
  A deep elf annihilator (Elf:3)
  A deep elf death mage (Elf:3)
  A merfolk javelineer (Shoals:4)
  A hydra (Snake:2)
  An entropy weaver (shapeshifter) (D:13)
  2 two-headed ogres (Orc:2)
  4 anacondas
  A centaur warrior (D:13)
  A merfolk avatar (Shoals:4)
  7 dancing weapons
  An ogre mage (Orc:2)
  A death knight (D:15)
  A merfolk aquamancer (Shoals:4)
  An alligator (Snake:2)
  A naga warrior (Snake:1)
  Sonja (D:13)
  3 deep elf knights
  A shock serpent (Snake:2)
  5 sea snakes
  2 naga ritualists
  4 deep trolls
  4 deep elf archers
  3 lindwurms
  A large abomination (Lair:5)
  8 harpies
  A wizard (Vaults:1)
  An ironbound convoker (Vaults:2)
  3 deep elf zephyrmancers
  2 mana vipers (Snake:2)
  2 ugly things
  A faun (Shoals:3)
  3 deep elf pyromancers
  A cyclops (D:13)
  A manticore (Shoals:3)
  2 merfolk sirens
  2 naga magi (Snake:4)
  4 black mambas
  4 elephants
  A guardian serpent (Snake:3)
  A molten gargoyle (Elf:1)
  An unseen horror (D:13)
  2 cane toads
  2 komodo dragons
  A troll (D:12)
  4 merfolk (Shoals:4)
  A wind drake (Shoals:4)
  A blink frog (Lair:5)
  8 dream sheep
  5 slime creatures
  A water elemental (Shoals:4)
  An air elemental (Elf:1)
  A wraith (Orc:1)
  2 fire bats (Volcano)
  A wyvern (Lair:3)
  9 yaks
  A basilisk (D:15)
  4 nagas
  2 water moccasins
  5 orc warriors
  A black bear (Lair:3)
  A centaur (D:14)
  3 ogres
  2 wolves (Lair:1)
  A small abomination (Lair:5)
  A bullfrog (Lair:2)
  3 killer bees (Gauntlet)
  An orc wizard (Orc:2)
  10 orcs
177 creatures vanquished.

Vanquished Creatures (others)
  2 yaktaur captains
  2 merfolk (Shoals:4)
  7 ancestors
  32 knights
  7 tentacles (Shoals:1)
50 creatures vanquished.

Grand Total: 1401 creatures vanquished

Notes
Turn   | Place    | Note
-------+----------+-------------------------------------------
     0 | D:1      | Lobster4 the Minotaur Hunter began the quest for the Orb.
     0 | D:1      | Reached XP level 1. HP: 18/18 MP: 0/0
   195 | D:1      | Reached skill level 1 in Stealth
   221 | D:1      | Reached XP level 2. HP: 25/25 MP: 1/1
   457 | D:1      | Noticed a walking crystal tome
   465 | D:1      | Found Giowis's Book Boutique.
   467 | D:1      | Noticed a walking divine tome
   478 | D:1      | Reached skill level 1 in Armour
   775 | D:2      | Reached XP level 3. HP: 29/30 MP: 2/2
   976 | D:2      | Reached skill level 5 in Ranged Weapons
  1255 | D:2      | Found Vitemyet's Book Shoppe.
  1256 | D:2      | Noticed Terence
  1419 | D:3      | Reached XP level 4. HP: 26/38 MP: 3/3
  1913 | D:4      | Found an ancient bone altar of Kikubaaqudgha.
  2179 | D:4      | Found a blossoming altar of Fedhas.
  2562 | D:5      | Entered Level 5 of the Dungeon
  2574 | D:5      | Noticed a scorpion
  2580 | D:5      | Killed a scorpion
  2581 | D:5      | Reached skill level 1 in Short Blades
  2581 | D:5      | Reached XP level 5. HP: 37/45 MP: 4/4
  3181 | D:5      | Reached XP level 6. HP: 42/52 MP: 5/5
  3224 | D:5      | Noticed an ice beast
  3346 | D:5      | Killed an ice beast
  3347 | D:5      | Reached skill level 6 in Ranged Weapons
  3474 | D:5      | Reached skill level 1 in Throwing
  3474 | D:5      | Reached skill level 1 in Evocations
  3800 | D:5      | Found a runed translucent door.
  3805 | D:5      | Noticed GigaChad's ghost (novice AtFi)
  3828 | D:5      | Reached XP level 7. HP: 59/59 MP: 6/6
  3830 | D:5      | Found a runed translucent door.
  4088 | D:6      | Found Vatyl's Magic Scroll Shop.
  4092 | D:6      | Bought a scroll of blinking for 105 gold pieces
  4092 | D:6      | Bought a scroll of noise for 14 gold pieces
  4108 | D:6      | Found an iron altar of Okawaru.
  4111 | D:6      | Found a glowing drain.
  4137 | Sewer    | Entered a sewer
  4162 | Sewer    | Noticed Pargi
  4172 | Sewer    | Killed Pargi
  4347 | D:6      | Found a broken altar of Ashenzari.
  4573 | D:6      | Found a staircase to the Ecumenical Temple.
  4585 | Temple   | Entered the Ecumenical Temple
  4890 | D:6      | Noticed a steam dragon
  5115 | D:7      | Reached skill level 7 in Ranged Weapons
  5148 | D:7      | Learned a level 2 spell: Blink
  5174 | D:7      | Found an ornate altar of the Wu Jian Council.
  5191 | D:7      | Reached XP level 8. HP: 67/67 MP: 7/7
  5212 | D:7      | Reached skill level 5 in Fighting
  5224 | D:7      | Found a sand-covered staircase.
  5289 | Ossuary  | Entered an ossuary
  5649 | D:7      | Reached skill level 1 in Translocations
  5742 | D:7      | Noticed Pikel
  5910 | D:6      | Reached skill level 1 in Spellcasting
  5968 | D:6      | Reached skill level 1 in Maces & Flails
  6091 | D:2      | Killed Terence
  6119 | D:2      | Reached skill level 5 in Dodging
  6456 | D:7      | Reached skill level 8 in Ranged Weapons
  6532 | D:7      | Killed Pikel
  6533 | D:7      | Reached skill level 5 in Armour
  6533 | D:7      | Reached XP level 9. HP: 75/75 MP: 8/10
  6755 | D:7      | Found a radiant altar of Vehumet.
  7018 | D:8      | Noticed a troll
  7058 | D:8      | Found a hazy altar of Hepliaklqana.
  7059 | D:8      | Found a glowing golden altar of the Shining One.
  7059 | D:8      | Found a glowing silver altar of Zin.
  7061 | D:8      | Became a worshipper of Hepliaklqana the Forgotten
  7406 | D:8      | Reached skill level 1 in Invocations
  7411 | D:8      | Reached skill level 9 in Ranged Weapons
  7749 | D:8      | Found a staircase to the Lair.
  7867 | D:8      | Killed a troll
  8166 | D:8      | Reached XP level 10. HP: 37/86 MP: 7/12
  8741 | D:9      | Noticed Grum
  9228 | D:9      | Noticed a two-headed ogre
  9239 | D:9      | Killed a two-headed ogre
  9240 | D:9      | Reached skill level 10 in Ranged Weapons
  9330 | D:9      | Found a staircase to the Orcish Mines.
  9585 | D:9      | Upgraded the game from 0.30.0-13-g156ef70053 to
                  | 0.30.0-15-g856e2d3f33
  9657 | D:9      | Noticed a two-headed ogre
  9666 | D:9      | Killed a two-headed ogre
  9782 | D:9      | Killed Grum
  9861 | D:10     | Entered Level 10 of the Dungeon
  9878 | D:10     | Found Zilyos's Vocational Training.
 10345 | D:10     | Found a sacrificial altar of Ru.
 10740 | D:11     | Reached * piety under Hepliaklqana
 10808 | D:11     | Noticed a cyclops
 10815 | D:11     | Killed a cyclops
 10816 | D:11     | Reached skill level 11 in Ranged Weapons
 10816 | D:11     | Reached XP level 11. HP: 84/84 MP: 14/14
 10859 | D:11     | Found Miakleco's Jewellery Shoppe.
 11141 | D:11     | Found a transporter.
 11518 | D:11     | Found a transporter.
 11943 | D:12     | Noticed a skeletal warrior
 11944 | D:12     | Noticed a skeletal warrior
 12001 | Orc:1    | Entered Level 1 of the Orcish Mines
 12045 | D:11     | Bought a ring of protection from fire for 375 gold pieces
 12080 | Orc:1    | Noticed Josephine
 12084 | Orc:1    | Found a dark tunnel.
 12103 | Volcano  | Entered a volcano
 12228 | Volcano  | Noticed a two-headed ogre
 12235 | Volcano  | Killed a two-headed ogre
 12357 | Volcano  | Reached ** piety under Hepliaklqana
 12358 | Volcano  | Remembered your ancestor Xiuhtonal as a knight
 12396 | Volcano  | Reached skill level 12 in Ranged Weapons
 12914 | Orc:1    | Killed Josephine
 13202 | Orc:1    | Noticed an orc warlord
 13234 | Orc:1    | Killed an orc warlord
 13235 | Orc:1    | Reached XP level 12. HP: 93/94 MP: 17/17
 13420 | Orc:2    | Entered Level 2 of the Orcish Mines
 13795 | Orc:2    | Found a staircase to the Elven Halls.
 13803 | Orc:2    | Noticed a two-headed ogre
 13814 | Orc:2    | Killed a two-headed ogre
 13905 | Orc:2    | Noticed a two-headed ogre
 13908 | Orc:2    | Noticed a two-headed ogre
 13910 | Orc:2    | Noticed a two-headed ogre
 13912 | Orc:2    | Killed a two-headed ogre
 13912 | Orc:2    | Killed a two-headed ogre
 13912 | Orc:2    | Killed a two-headed ogre
 13913 | Orc:2    | Reached skill level 13 in Ranged Weapons
 13913 | Orc:2    | Noticed a two-headed ogre
 13914 | Orc:2    | Noticed a two-headed ogre
 13919 | Orc:2    | Noticed a two-headed ogre
 13920 | Orc:2    | Reached skill level 10 in Fighting
 13920 | Orc:2    | Killed a two-headed ogre
 13921 | Orc:2    | Reached skill level 5 in Translocations
 13921 | Orc:2    | Killed a two-headed ogre
 13923 | Orc:2    | Killed a two-headed ogre
 13939 | Orc:2    | Noticed an ogre mage
 14087 | Orc:2    | Reached skill level 5 in Spellcasting
 14094 | Orc:2    | Noticed a two-headed ogre
 14099 | Orc:2    | Killed a two-headed ogre
 14119 | Orc:2    | Noticed an ogre mage
 14124 | Orc:2    | Killed an ogre mage
 14129 | Orc:2    | Reached skill level 10 in Armour
 14156 | Orc:2    | Found Reasabri's Armour Boutique.
 14167 | Orc:2    | Found Nefawk's Armour Shop.
 14167 | Orc:2    | Found Bepp's Magic Scroll Boutique.
 14168 | Orc:2    | Found Echum's Magic Scroll Emporium.
 14175 | Orc:2    | Reached XP level 13. HP: 102/102 MP: 19/19
 14202 | Orc:2    | Reached skill level 14 in Ranged Weapons
 14255 | Orc:2    | Bought a scroll of identify for 28 gold pieces
 14418 | Lair:1   | Entered Level 1 of the Lair of Beasts
 14481 | D:11     | Bought the ring "Bipruxzososch" {Fly Will+ Stlth+} for 553
                  | gold pieces
 14654 | Lair:1   | Noticed Amaemon
 14662 | Lair:1   | Killed Amaemon
 14675 | Lair:1   | Reached skill level 10 in Dodging
 15307 | Lair:1   | Identified the +0 scale mail of Xyptap {rPois Will+ MP+9
                  | Int+4}
 15315 | Lair:1   | Identified the staff of earth "Erphalaoz" {+Blink rElec rF+
                  | Int-3}
 15322 | Lair:1   | Identified the staff of fire "Sysexob" {Fly rF+ rC+ rN++
                  | Str-2}
 15751 | Lair:2   | Reached skill level 15 in Ranged Weapons
 15761 | Lair:2   | Found a staircase to the Shoals.
 15888 | Lair:2   | Reached *** piety under Hepliaklqana
 17054 | Lair:3   | Reached skill level 16 in Ranged Weapons
 17343 | Lair:3   | Reached XP level 14. HP: 111/114 MP: 20/20
 18262 | Lair:3   | Found a staircase to the Snake Pit.
 18373 | Lair:3   | Reached skill level 17 in Ranged Weapons
 18620 | Lair:4   | Reached **** piety under Hepliaklqana
 19365 | Lair:4   | Learned a level 2 spell: Momentum Strike
 19430 | Lair:5   | Entered Level 5 of the Lair of Beasts
 20818 | Lair:5   | Reached ***** piety under Hepliaklqana
 20841 | Lair:5   | Found a staircase to the Slime Pits.
 20865 | Lair:5   | Found a viscous altar of Jiyva.
 20953 | Lair:5   | Reached skill level 18 in Ranged Weapons
 20953 | Lair:5   | Reached XP level 15. HP: 104/123 MP: 22/22
 21294 | Lair:5   | Reached skill level 1 in Conjurations
 21517 | Lair:5   | Found a corrupted altar of Lugonu.
 21517 | Lair:5   | Found a one-way gate to the infinite horrors of the Abyss.
 21948 | D:5      | Killed GigaChad's ghost
 23632 | D:13     | Noticed Sonja
 23885 | D:13     | Killed Sonja
 24142 | D:13     | Found a gate to the Vaults.
 24355 | D:14     | Found a gate leading to a gauntlet.
 24364 | Gauntlet | Entered a Gauntlet
 24364 | Gauntlet | Found a transporter.
 24364 | Gauntlet | Found a transporter.
 24364 | Gauntlet | Found a runed translucent gate.
 24366 | Gauntlet | Found a runed translucent gate.
 24377 | Gauntlet | Found a transporter.
 24395 | Gauntlet | Found a transporter.
 24395 | Gauntlet | Found a transporter.
 24395 | Gauntlet | Found a transporter.
 24398 | Gauntlet | Found a transporter.
 24398 | Gauntlet | Found a transporter.
 24410 | Gauntlet | Found a transporter.
 24428 | Gauntlet | Found a transporter.
 24438 | Gauntlet | Found a transporter.
 24453 | Gauntlet | Found a transporter.
 24473 | Gauntlet | Found a transporter.
 24490 | Gauntlet | Found a transporter.
 24505 | Gauntlet | Found a runed translucent gate.
 24606 | Gauntlet | Identified the ring of Edojunixt {Fly Will- Dex+2 SInv}
 24723 | Gauntlet | Got Eptut's Spellbook of the Roasted Snowflakes
 25176 | D:14     | Reached skill level 19 in Ranged Weapons
 25211 | D:14     | Identified the +5 sling "Anor Zus" {freeze, Str+4 Stlth+}
 25348 | D:14     | Noticed Frances
 25357 | D:14     | Killed Frances
 25358 | D:14     | Reached skill level 15 in Fighting
 25837 | D:15     | Entered Level 15 of the Dungeon
 26056 | D:15     | Reached XP level 16. HP: 134/134 MP: 24/24
 26800 | D:15     | Found a staircase to the Depths.
 27005 | Elf:1    | Entered Level 1 of the Elven Halls
 27005 | Elf:1    | Found a runed translucent gate.
 27005 | Elf:1    | Found a runed translucent gate.
 27005 | Elf:1    | Found a runed translucent gate.
 27005 | Elf:1    | Found a runed translucent gate.
 27005 | Elf:1    | Found a runed translucent gate.
 27005 | Elf:1    | Found a runed translucent gate.
 27005 | Elf:1    | You are sucked into a shaft and drop 1 floor!
 27061 | Elf:1    | Reached ****** piety under Hepliaklqana
 27368 | Elf:1    | Reached skill level 20 in Ranged Weapons
 27818 | Elf:1    | Found a runed translucent door.
 28070 | Elf:1    | Found Bailyes's Antique Armour Emporium.
 28072 | Elf:1    | Found Plog's Antique Weapon Shop.
 28074 | Elf:1    | Found Qidib's Armour Boutique.
 28393 | Elf:1    | Found a runed translucent door.
 28555 | Elf:1    | Reached skill level 15 in Armour
 28564 | Elf:1    | Got the Almanac of the Glacier and Cadavers
 28801 | Elf:2    | Found Duuf's Distillery.
 29313 | Elf:2    | Reached skill level 21 in Ranged Weapons
 29500 | Elf:2    | Found an ancient bone altar of Kikubaaqudgha.
 29507 | Elf:2    | Reached XP level 17. HP: 137/146 MP: 25/25
 29666 | Elf:1    | Bought the +3 crown of Dyrovepreva {rElec Int+2 SInv} for
                  | 1573 gold pieces
 29666 | Elf:1    | Found the +3 crown of Dyrovepreva {rElec Int+2 SInv}
 29738 | Elf:2    | Found a runed translucent gate.
 29738 | Elf:2    | Found a runed translucent gate.
 29739 | Elf:2    | Found a runed translucent gate.
 29980 | Elf:2    | Noticed a deep elf blademaster
 30020 | Elf:2    | Killed a deep elf blademaster
 30143 | Elf:2    | Identified a scroll of acquirement
 30152 | Elf:2    | Acquired the +2 pair of slick slippers {slick, slippery,
                  | EV+4}
 30152 | Elf:2    | Found the +2 pair of slick slippers {slick, slippery, EV+4}
 30446 | Elf:2    | Identified the +1 pair of gloves of Brilliance {+Blink
                  | Will- Slay+2}
 30446 | Elf:2    | Noticed Nikola
 30770 | Elf:2    | Killed Nikola
 31035 | Elf:3    | Entered Level 3 of the Elven Halls
 31226 | Elf:3    | Reached skill level 22 in Ranged Weapons
 31975 | Elf:3    | Noticed a deep elf blademaster
 31995 | Elf:3    | Killed a deep elf blademaster
 32009 | Elf:3    | Noticed a deep elf master archer
 32095 | Elf:3    | Killed a deep elf master archer
 32169 | Elf:3    | Identified the ring "Tymp" {rElec MP+9 Str+3 Dex+3 Slay-5}
 32332 | Elf:3    | Identified the ring "Sisuv" {*Corrode rC++ rN+ Int+6}
 32332 | Elf:3    | Noticed a deep elf master archer
 32358 | Elf:3    | Killed a deep elf master archer
 32571 | Elf:3    | Identified the +1 great mace "Zuptam" {venom, rElec rPois
                  | rN+}
 32571 | Elf:3    | Identified the +0 leather armour of Sufficient Beauty
                  | {Int+6}
 32571 | Elf:3    | Identified the ring "Plog" {Fire rElec rN++ Dex-4 Slay+4}
 32645 | Elf:3    | Noticed a deep elf blademaster
 32760 | Elf:3    | Reached XP level 18. HP: 128/161 MP: 26/26
 33313 | Elf:3    | Identified the ring of Niosudaw {rElec Str+2 Slay+4}
 33363 | Elf:3    | Identified the ring "Hienuygu" {rCorr Str+4}
 33378 | Elf:3    | Identified the staff of cold "Wische" {rC+ Will+ Int-3
                  | Dex+3}
 33384 | Elf:3    | Identified the +0 pair of boots "Jutre" {SInv}
 33396 | Elf:3    | Got the Volume of Support
 33921 | Snake:1  | Entered Level 1 of the Snake Pit
 34015 | Snake:1  | Noticed Rupert
 34029 | Snake:1  | Killed Rupert
 34099 | Snake:1  | Reached skill level 23 in Ranged Weapons
 34167 | Snake:1  | Found Basikhl Pacw's Weapon Emporium.
 34173 | Snake:1  | Found Ajellas's Book Emporium.
 35179 | Snake:2  | Found Plog's Assorted Antiques.
 35183 | Snake:2  | Found Fung's Weapon Shop.
 35428 | Snake:2  | Noticed a tentacled monstrosity
 35436 | Snake:2  | Killed a tentacled monstrosity
 35600 | Snake:2  | Noticed a tentacled monstrosity
 35608 | Snake:2  | Killed a tentacled monstrosity
 36460 | Snake:3  | Found Ywnen's General Store.
 37430 | Snake:4  | Entered Level 4 of the Snake Pit
 37703 | Snake:4  | Reached skill level 24 in Ranged Weapons
 37916 | Snake:4  | Reached XP level 19. HP: 171/171 MP: 27/27
 37935 | Snake:4  | Noticed Vashnia
 37949 | Snake:4  | Killed Vashnia
 38396 | Snake:4  | Got a serpentine rune of Zot
 38743 | Shoals:1 | Entered Level 1 of the Shoals
 38950 | Shoals:1 | Found a stormy altar of Qazlal.
 39134 | Shoals:1 | Learned a level 4 spell: Passage of Golubria
 39171 | Shoals:1 | Found a snail-covered altar of Cheibriados.
 39382 | Shoals:1 | Identified the +9 sling of the Unliving {heavy, SInv}
 39698 | Shoals:2 | Found Kefeoj's Book Shop.
 39721 | Shoals:2 | Reached skill level 10 in Translocations
 41102 | Shoals:3 | Reached skill level 25 in Ranged Weapons
 41750 | Shoals:4 | Entered Level 4 of the Shoals
 42105 | Shoals:4 | Noticed Ilsuiw
 42108 | Shoals:4 | Identified the +9 mace "Bitoykil" {venom, rPois rC+++ Int-3
                  | Dex-2}
 42132 | Shoals:4 | Killed Ilsuiw
 42488 | Shoals:4 | Found the ring of the Mage {Wiz Archmagi}
 42788 | Shoals:4 | Reached XP level 20. HP: 163/181 MP: 28/28
 42815 | Shoals:4 | Got a barnacled rune of Zot
 43282 | Vaults:1 | Entered Level 1 of the Vaults
 43967 | Vaults:1 | Found Waeggas's Jewellery Shop.
 44242 | Vaults:1 | Found the +8 Wrath of Trog {antimagic, *Rage Rampage}
 44309 | Vaults:1 | Reached skill level 26 in Ranged Weapons
 44362 | Vaults:1 | Reached skill level 1 in Axes
 44730 | Vaults:1 | Found Baim's Armour Shoppe.
 45901 | Vaults:2 | Slain by a vault warden

Illustrated notes

Levels and vault maps discovered:
D:1:      roderic_octagonal_star, layout_basic, serial_shops,
          nicolae_shop_mannequins, kennysheep_flooded_box, minmay_door_square
D:2:      layout_basic, serial_shops, shop, uniq_terence
D:3:      layout_rooms
D:4:      layout_loops_ring, mainiacjoe_overflow_brackets,
          mainiacjoe_overflow_catwalk
D:5:      layout_loops_corners, ebering_ghost_sewer_f,
          hangedman_decor_clover_reticule, dk_rats_in_the_wall
D:6:      layout_basic, mainiacjoe_overflow_chevrons, okawaru_gym_becter,
          minmay_temple_entry_glass, gup_sewer_entry_glass, serial_shops, shop,
          minivault_24
D:7:      wander_river, layout_rooms, old_standard_altar, lemuel_tele_altar,
          serial_rivers, chequers_serial_rivers_large_a,
          chequers_serial_rivers_micro_a, chequers_serial_rivers_small_b,
          chequers_serial_rivers_micro_b, gup_ossuary_entry_pyramid,
          enter_bailey_5, uniq_pikel
D:8:      layout_rooms, gammafunk_temple_overflow_forgotten, erik_lair_island
D:9:      layout_gridville, david_orc_2, uniq_grum
D:10:     layout_roguey, mainiacjoe_overflow_alcove_1, nicolae_shop_vocational
D:11:     gammafunk_cloud_chamber, layout_basic, serial_shops, shop
D:12:     layout_small_grid
D:13:     layout_cave_pools, skrybe_vaults_entry_preservation,
          minmay_fractal_squares_5, uniq_sonja
D:14:     layout_grid_maze, gauntlet_entry_generic, uniq_frances
D:15:     hangedman_depths_entry_civil_slaughter, layout_grid_maze,
          serial_park_paths [serial_park_minivault_5x5_3]
Temple:   nicolae_temple_x_marks_the_god
Lair:1:   minmay_lair_oklob_chamber, layout_misc_corridors,
          chequers_serial_rivers_small_b, grunt_megastairs_1,
          infiniplex_staircase_pool, uniq_amaemon
Lair:2:   layout_roguey, nicolae_shoals_entry_roost
Lair:3:   layout_misc_corridors, guppyfry_snake_entry_garden
Lair:4:   layout_cave_pods
Lair:5:   hellmonk_lair_end_abyssal_woods, layout_hall_layers,
          minmay_slime_entry_pillars
Shoals:1: layout_shoals, serial_shops, nicolae_take_the_stairs,
          hangedman_feature_mirror, nicolae_shoals_stone_sculpture_thing
Shoals:2: layout_shoals, serial_shops, shop
Shoals:3: layout_shoals
Shoals:4: shoals_end_grunt_ice, layout_shoals, shoals_ilsuiw_ice
Snake:1:  layout_layer_cave, guppyfry_library_mini, minmay_shop_star,
          uniq_rupert
Snake:2:  onia_ninara_swampy_vault, layout_honeycomb, serial_bayou_shore_a,
          minmay_shoptagon
Snake:3:  layout_layer_cave, serial_shops, shop, nicolae_integral_box
Snake:4:  grunt_snake_rune_serpentine_throne, layout_misc_corridors
Orc:1:    layout_diamond_mine, enter_volcano_3, minmay_orc_barracks,
          uniq_josephine
Orc:2:    st_orc_open, layout_caves
Elf:1:    nicolae_elf_arrival_dilemma, layout_geoelf_octagon,
          hangedman_elven_crosses_minicolossus, nicolae_wooded_promenade,
          minivault_8
Elf:2:    elven_hall_of_blades_hangedman_original
          [nicolae_blade_entry_crossed_weapons], layout_geoelf_octagon,
          serial_shops, shop, basic_altar, uniq_nikola
Elf:3:    minmay_elf_hall_curves, layout_geoelf_octagon
Vaults:1: nicolae_vaults_network_star, ontoclasm_vaults_hangar, v_alt_pattern_3,
          nicolae_vaults_closet_pinwheel_2, nicolae_vaults_enemy_cabinets,
          nicolae_vaults_wine_cellar, hangedman_vaults_unwind,
          nicolae_vaults_taking_the_gang_shopping,
          nicolae_vaults_variable_pillar_hall, nicolae_vaults_little_squares_3,
          hangedman_vaults_locks, vaults_dpeg_hooks, layout_vaults_big_room,
          serial_shops, shop
Vaults:2: nicolae_vaults_what_the_h, vaults_room_pools, vaults_mumra_hexcomb,
          nicolae_vaults_network_s, v_misc_25, nicolae_vaults_puzzle_piece,
          v_misc_8, st_spiral_rooms, ontoclasm_vaults_decontamination,
          nicolae_vaults_tetromino_Z_1, layout_vaults_omnicross

Skill      XL: |  1  2  3  4  5  6  7  8  9 10 11 12 13 14 15 16 17 18 19 20 |
---------------+-------------------------------------------------------------+-----
Stealth        | 1 |  1.0
Armour         | 1 2 3 4 5 6 7 8 10 11 12 13 15 16 | 16.5
Fighting       | 3 4 6 7 8 9 10 12 13 15 18 20 21 22 23 | 23.0
Ranged Weapons | 5 6 7 8 9 11 12 13 16 18 19 21 22 24 25 26 | 26.3
Dodging        | 3 4 5 6 7 8 9 10 | 10.0
Short Blades   | 1 2 |  2.0
Throwing       | 1 2 3 |  3.0
Evocations     | 1 2 3 |  3.0
Translocations | 1 2 3 4 5 6 8 9 10 11 | 11.2
Spellcasting   | 1 2 3 4 5 6 |  6.0
Maces & Flails | 2 |  2.0
Invocations    | 1 3 |  3.0
Conjurations   | 3 |  3.0
Axes           | 3 |  3.2

Action                     |  1- 3 |  4- 6 |  7- 9 | 10-12 | 13-15 | 16-18 | 19-21 || total
---------------------------+-------+-------+-------+-------+-------+-------+-------++-------
  Melee: Short sword       |       |     2 |    16 |       |       |       |       ||    18
         Headbutt          |       |     1 |     1 |       |       |       |       ||     2
         Shortbow          |       |       |     1 |       |       |       |       ||     1
   Fire: Shortbow          |    94 |   152 |   399 |   541 |   713 |       |       ||  1899
         Arbalest          |    12 |     1 |       |       |       |       |       ||    13
         Longbow           |       |       |       |   116 |   650 |  1167 |   906 ||  2839
  Throw: Dart              |       |     3 |       |     7 |     3 |    15 |       ||    28
   Cast: Momentum Strike   |       |       |       |       |       |     2 |       ||     2
         Passage of Golubr |       |       |       |       |       |       |     5 ||     5
 Invoke: Recall Ancestor   |       |       |       |     2 |     4 |     3 |     2 ||    11
         Ancestor Life: Kn |       |       |       |     1 |       |       |       ||     1
  Evoke: Wand              |       |       |       |     6 |     2 |       |     1 ||     9
         Tin of tremorston |       |       |       |     2 |     1 |       |       ||     3
         Phantom mirror    |       |       |       |     1 |       |       |       ||     1
    Use: Scroll            |     1 |     9 |    14 |    11 |    13 |    15 |     8 ||    71
         Potion            |       |       |       |     2 |     2 |     2 |     2 ||     8
 Armour: Leather armour    |     7 |       |       |       |       |       |       ||     7
         Ring mail         |       |    27 |   103 |    82 |       |       |       ||   212
         Scale mail        |       |       |       |       |   171 |    86 |    83 ||   340
  Dodge: Dodged            |    25 |    45 |   171 |   218 |   360 |   153 |   193 ||  1165
